 Dungeon Crawl Stone Soup version 0.31-a0-233-g139696dc86 (webtiles) character file.

Game seed: 4105355410620534149

91 qw the Shooter (level 4, 0/36 HPs)
             Began as a Minotaur Hexslinger on July 9, 2023.
             Slain by a hobgoblin
             ... wielding a +0 falchion of electrocution
              (2 damage)
             ... on level 3 of the Dungeon.
             The game lasted 00:00:32 (1492 turns).

qw the Shooter (Minotaur Hexslinger)                Turns: 1492, Time: 00:00:32

Health: 0/36       AC:  6    Str: 12    XL:     4   Next: 33%
Magic:  4/4        EV: 11    Int: 10    God:
Gold:   100        SH:  0    Dex: 15    Spells: 4/5 levels left

rFire   . . .        Y - +1 sling
rCold   . . .        (no shield)
rNeg    . . .        i - +0 ring mail
rPois   .            (helmet restricted)
rElec   .            (no cloak)
rCorr   .            j - +0 pair of gloves
SInv    .            (no boots)
Will    .....        (no amulet)
Stlth   +            (no ring)
HPRegen 0.26/turn    (no ring)
MPRegen 0.09/turn

%: no passive effects
@: no status effects
A: horns 2, retaliatory headbutt
a: no special abilities


You were on level 3 of the Dungeon.
You visited 1 branch of the dungeon, and saw 3 of its levels.

You collected 100 gold pieces.


Innate Abilities, Weirdness & Mutations

You have a pair of horns on your head.
You reflexively headbutt those who attack you in melee.


   Skills:
 - Level 2.0 Fighting
 + Level 4.6 Ranged Weapons
 - Level 1.3 Armour
 - Level 2.1 Dodging
 - Level 1.0 Spellcasting
 - Level 2.0 Hexes


You had 4 spell levels left.
You knew the following spells:

 Your Spells              Type           Power      Damage    Failure   Level
a - Slow                  Hex            16%        N/A       32%         1

Your spell library contained the following spells:

 Spells                   Type           Power      Damage    Failure   Level
 Inner Flame              Hex/Fire       2%         N/A       83%         3
 Portal Projectile        Hex/Tloc       4%         N/A       83%         3
 Cause Fear               Hex            2%         N/A       97%         4

Inventory:

Hand Weapons
 Y - a +1 sling (weapon)
Armour
 i - a +0 ring mail (worn)
 j - a +0 pair of gloves (worn)
Jewellery
 d - a ring of ice
 l - a ring of fire
Scrolls
 a - a scroll of identify
Potions
 b - a potion of degeneration {unknown}
 e - a potion of cancellation {unknown}
 f - a potion of heal wounds {unknown}
 k - a potion of might

Dungeon Overview and Level Annotations

Branches:
Dungeon (3/15)

Altars:
Makhleb


Message History

The sling bullet barely misses the adder.
The adder closely misses you. You furiously retaliate!
You headbutt the adder.
You kill the adder!
You see here an adder corpse.
A goblin comes into view. It is wielding a +0 dagger.
The goblin shouts!
You shoot a sling bullet.
The sling bullet closely misses the goblin.
The goblin closely misses you. You furiously retaliate!
You headbutt the goblin!
You kill the goblin!
You see here a +0 dagger.
Found a club.
Found a stone staircase leading down.
b - a white potion A hobgoblin comes into view.
It is wielding a +0 falchion of electrocution.
Found 5 gold pieces.
The hobgoblin moves out of view.
You shoot a sling bullet. The sling bullet hits the hobgoblin.
The hobgoblin is lightly wounded.
You shoot a sling bullet.
The sling bullet closely misses the hobgoblin.
The hobgoblin hits you with a +0 falchion of electrocution.
You are electrocuted!
You shoot a sling bullet.
The sling bullet barely misses the hobgoblin.
The hobgoblin hits you but does no damage.
You shoot a sling bullet.
The sling bullet closely misses the hobgoblin.
The hobgoblin closely misses you.
The hobgoblin hits you with a +0 falchion of electrocution.
You are electrocuted!
You shoot a sling bullet. The sling bullet hits the hobgoblin.
The hobgoblin is moderately wounded.
The hobgoblin closely misses you.
You shoot a sling bullet.
The sling bullet barely misses the hobgoblin.
The hobgoblin hits you with a +0 falchion of electrocution.
You shoot a sling bullet.
The sling bullet completely misses the hobgoblin.
The hobgoblin hits you with a +0 falchion of electrocution. x2
You die...

#....#
......
...$..
......#
.......##
........#
......g.#
#@# # #.# .#
#.##.# .
#.#.#
....###..#
### #.....##
....
#.####.##
....
#....##.#..#
####.....#


You could see a hobgoblin.

Vanquished Creatures
  Jessica (D:2)
  3 adders
  A dart slug (D:2)
  An orc (D:3)
  5 ball pythons
  5 bats
  2 endoplasms
  2 giant cockroaches (D:1)
  4 goblins
  2 hobgoblins (D:2)
  A quokka (D:1)
  3 frilled lizards
  3 kobolds
  2 rats
35 creatures vanquished.

Notes
Turn   | Place    | Note
-------+----------+-------------------------------------------
     0 | D:1      | qw the Minotaur Hexslinger began the quest for the Orb.
     0 | D:1      | Reached XP level 1. HP: 16/16 MP: 1/1
     0 | D:1      | 0 ||| qw: Version: 0.3-a-51-g015441d
     0 | D:1      | 0 ||| qw: Game counter: 3923
     0 | D:1      | 0 ||| qw: Melee chars always use a shield: true
     0 | D:1      | 0 ||| qw: God list: Okawaru
     0 | D:1      | 0 ||| qw: Allow faded altars: false
     0 | D:1      | 0 ||| qw: Do Orc after clearing Dungeon:15 true
     0 | D:1      | 0 ||| qw: Do second Lair branch before Depths: true
     0 | D:1      | 0 ||| qw: Lair rune preference: random
     0 | D:1      | 0 ||| qw: Goals: Normal
     0 | D:1      | 0 ||| PLANNING D:1-11
   296 | D:1      | Reached skill level 3 in Ranged Weapons
   296 | D:1      | Reached XP level 2. HP: 22/23 MP: 2/2
   596 | D:1      | 596 ||| UPGRADING to +0 ring mail.
   606 | D:1      | 606 ||| DROPPING +0 robe.
   607 | D:1      | 607 ||| UPGRADING to +0 pair of gloves.
   612 | D:1      | 612 ||| READING 2 scrolls labelled JIMMUSCH PONUC.
   613 | D:1      | 613 ||| READING scroll labelled FOIFYU HYJOI.
   614 | D:1      | 614 ||| DRINKING 2 purple potions.
   615 | D:1      | 615 ||| DRINKING 2 inky potions.
   720 | D:1      | 720 ||| DROPPING scroll of poison.
   721 | D:1      | 721 ||| DROPPING potion of berserk rage.
   766 | D:2      | Identified the +3 war axe of the Dragonfly {heavy, +Blink
                  | rC++}
   881 | D:2      | Noticed Jessica
   885 | D:2      | Killed Jessica
   886 | D:2      | Reached skill level 4 in Ranged Weapons
   886 | D:2      | Reached XP level 3. HP: 29/29 MP: 3/3
  1034 | D:2      | Reached skill level 1 in Armour
  1135 | D:2      | Found a burning altar of Makhleb.
  1223 | D:2      | Reached XP level 4. HP: 19/36 MP: 4/4
  1370 | D:2      | 1370 ||| READING scroll labelled KEADIA LURUAR.
  1371 | D:2      | 1371 ||| READING scroll labelled JIL XIUGREISU.
  1489 | D:3      | HP: 7/36 [hobgoblin/+0 falchion of electrocution (9)]
  1492 | D:3      | HP: 2/36 [hobgoblin/+0 falchion of electrocution (5)]
  1492 | D:3      | Slain by a hobgoblin

Levels and vault maps discovered:
D:1:      amcnicky_arrival_wind_blow, layout_basic
D:2:      layout_loops_cross, basic_altar, uniq_jessica
D:3:      cheibrodos_pilgrimage, layout_loops_ring, hex_tiny,
          uniq_crazy_yiuf_cottage, uniq_sigmund

Skill      XL: |  1  2  3 |
---------------+----------+-----
Ranged Weapons | 3 4 |  4.6
Fighting       | 2 |  2.0
Armour         | 1 |  1.3
Dodging        | |  2.1
Spellcasting   | |  1.0
Hexes          | |  2.0

Action                     |  1- 3 |  4- 6 || total
---------------------------+-------+-------++-------
   Fire: Sling             |    89 |    19 ||   108
    Use: Scroll            |     2 |     2 ||     4
         Potion            |     2 |       ||     2
 Armour: Ring mail         |    15 |     3 ||    18
         Robe              |     1 |       ||     1
  Dodge: Dodged            |    24 |    10 ||    34

Table legend:
 A = Non-vault XP
 B = Vault XP
 C = Vault XP percentage of total XP
 D = Non-vault monster count
 E = Vault monster count
 F = Vault count percentage of total count
                 A         B        C        D         E       F
            +---------+---------+-------+---------+---------+-------
      Total |      93 |      37 |  28.5 |      34 |       1 |   2.9
            +---------+---------+-------+---------+---------+-------
        D:1 |      25 |       0 |   0.0 |      16 |       0 |   0.0
        D:2 |      48 |      37 |  43.5 |      14 |       1 |   6.7
        D:3 |      20 |       0 |   0.0 |       4 |       0 |   0.0
            +---------+---------+-------+---------+---------+-------
